AoeStats
← THL

Arabia

510032823Analyzed
1v1 RM · 3d ago on Sep 29, 2026· 60m 43s· 2 players
Game mode
Random Map
Map size
Tiny (2 player)
Population
200
Speed
Normal
Resources
Standard
Victory
Conquest
Starting age
Dark Age
Ending age
Imperial Age
RankedLock teamsTeams togetherTeam positionsShared explorationLock speedFull tech treeHidden civsTurbo modeCheats
Victory
Defeat
🇧🇷 Romans · Brazil
1709
+19
🇻🇳 Maya · Vietnam
1784
-19
Mr. M
7:43 Loom
12:42 Feudal Age
13:33 Double-Bit Axe
13:28 Horse Collar
17:27 Fletching
22:16 Castle Age
21:03 Gold Mining
23:45 Bow Saw
23:36 Heavy Plow
24:45 Wheelbarrow
36:53 Imperial Age
36:20 Ballistics
39:50 Imperial Age
38:07 Ballistas
39:58 Heavy Scorpion
40:01 Man-at-Arms
41:03 Comitatenses
41:10 Scale Mail Armor
41:21 Forging
41:14 Squires
40:48 Long Swordsman
42:28 Chain Mail Armor
41:51 Legionary
44:47 Iron Casting
44:04 Capped Ram
46:27 Conscription
47:24 Chemistry
48:03 Blast Furnace
48:30 Bodkin Arrow
48:59 Siege Ram
54:32 Scale Barding Armor
54:54 Siege Engineers
55:48 Chain Barding Armor
55:41 Bloodlines
55:32 Husbandry
55:41 Light Cavalry
58:04 Plate Barding Armor
58:22 Hand Cart
58:47 Gold Shaft Mining
THL
0:27 Loom
10:47 Feudal Age
10:53 Man-at-Arms
11:55 Double-Bit Axe
15:00 Fletching
22:18 Castle Age
20:38 Gold Mining
20:29 Horse Collar
22:28 Crossbowman
23:04 Bodkin Arrow
23:20 Bow Saw
29:10 Padded Archer Armor
29:45 Ballistics
30:25 Wheelbarrow
29:38 Town Watch
37:12 Imperial Age
35:59 Leather Archer Armor
38:23 Bracer
39:24 Chemistry
38:33 Thumb Ring
39:53 Eagle Warrior
41:22 Squires
41:23 Scale Mail Armor
40:50 Elite Eagle Warrior
42:41 Chain Mail Armor
42:38 Forging
43:53 Plate Mail Armor
45:38 Iron Casting
47:20 Blast Furnace
46:53 Hand Cart
48:14 Holcans
49:21 Ring Archer Armor
48:26 Arbalester
58:19 Pikeman
58:29 Elite Skirmisher
Connection lost

Rejoining the realm…

Still unreachable

The connection could not be restored.

Session expired

The server has moved on; the page needs a fresh start.